Map: Rückeroberung LE

Players

Tonitoni - Winner!

  • Race: Protoss Protoss
  • Spawn Location: 11:00

Tromtrom - Winner!

  • Race: Terran Terran
  • League: Diamond
  • Spawn Location: 12:00

AGR

  • Race: Terran Terran
  • League: Diamond
  • Spawn Location: 5:00

AlexHR

  • Race: Zerg Zerg
  • Spawn Location: 6:00

VOD

Have the link to the VOD?

Description

Time

  • Played on: March 9, 2023, 1:59 p.m.
  • Length: 10:23
Show
View Real Time Build Order
Export as new Build Order

Tonitoni Protoss - Winner!

Build Orders: Archon Immortal 

Get SALT Encoding   

  12  0:01  Probe  
  13  0:13  Probe  
  14  0:21  Pylon  
  14  0:25  Probe  
  15  0:39  Probe (Chrono Boost)  
  15  0:41  Gateway  
  17  0:50  Assimilator  
  17  0:51  Probe (Chrono Boost)  
  17  0:57  Probe (Chrono Boost)  
  18  1:06  Probe  
  19  1:18  Probe  
  20  1:30  Cybernetics Core  
  20  1:45  Assimilator  
  20  1:47  Probe, Nexus  
  21  1:59  Probe  
  22  2:06  Pylon  
  22  2:08  Pylon, Warp Gate (Chrono Boost)  
  22  2:14  Probe  
  23  2:24  Sentry (Chrono Boost)  
  23  2:26  Probe  
  26  2:35  Shield Battery  
  26  2:38  Probe  
  26  2:39  Sentry  
  29  2:50  Probe, Robotics Facility  
  30  2:58  Probe  
  30  3:02  Probe  
  32  3:13  Pylon  
  32  3:16  Twilight Council  
  32  3:18  Probe x2  
  34  3:30  Probe x2  
  36  3:37  Immortal (Chrono Boost)  
  40  3:42  Probe  
  40  3:43  Probe  
  42  3:48  Charge (Chrono Boost)  
  42  3:54  Probe  
  43  3:57  Probe  
  43  4:01  Zealot  
  46  4:08  Immortal (Chrono Boost)  
  48  4:19  Probe  
  48  4:21  Assimilator  
  48  4:22  Sentry  
  51  4:27  Gateway x2, Assimilator  
  51  4:31  Gateway  
  51  4:35  Probe  
  52  4:42  Pylon  
  51  4:50  Warp Prism  
  51  4:52  Probe  
  54  5:01  Pylon  
  54  5:10  Gateway  
  54  5:12  Gateway  
  54  5:13  Probe  
  54  5:14  Probe  
  56  5:17  Sentry  
  58  5:22  Sentry  
  60  5:32  Zealot x2  
  60  5:41  Zealot  
  60  5:53  Zealot x3  
  62  6:05  Sentry  
  62  6:11  Sentry x2, Immortal (Chrono Boost)  
  72  6:19  Pylon  
  72  6:21  Forge  
  72  6:22  Probe  
  73  6:28  Pylon, Probe  
  73  6:31  Pylon  
  74  6:40  Zealot x5  
  74  6:41  Zealot  
  58  7:04  Adept x2  
  58  7:05  Adept x3  
  66  7:15  Photon Cannon  
  66  7:24  Adept  
  64  7:30  Probe  
  64  7:33  Protoss Ground Weapons Level 1 (Chrono Boost)  
  64  7:35  Robotics Bay  
  65  7:42  Nexus  
  65  7:44  Probe  
  65  7:45  Probe  
  65  7:48  Pylon  
  67  7:53  Pylon  
  67  7:55  Assimilator  
  67  7:57  Probe x2  
  69  7:59  Immortal (Chrono Boost)  
  69  8:00  Assimilator  
  73  8:10  Templar Archives  
  73  8:11  Zealot  
  73  8:12  Zealot x3  
  81  8:21  Photon Cannon  
  81  8:23  Probe  
  82  8:27  Colossus (Chrono Boost)  
  88  8:49  High Templar x2  
  88  8:50  High Templar x2  
  88  8:54  Archon x2  
  96  9:00  Probe x2  
  98  9:04  Probe  
  99  9:12  Probe  
  99  9:13  Probe  
  99  9:16  Probe  
  102  9:19  Gateway x2  
  102  9:22  Gateway  
  102  9:23  Zealot x3  
  102  9:24  Gateway  
  108  9:37  Sentry x2  
  112  10:00  Zealot x4  
  120  10:11  Zealot x2  
  123  10:19  Photon Cannon  
  123  10:22  Photon Cannon  
Show
View Real Time Build Order
Export as new Build Order

Tromtrom Terran - Winner!

Build Orders: Reaper Expand 

Get SALT Encoding   

  12  0:00  SCV  
  13  0:12  SCV  
  14  0:17  Supply Depot  
  14  0:25  SCV  
  15  0:38  SCV  
  15  0:39  Barracks  
  16  0:44  Refinery  
  16  0:50  SCV  
  17  1:03  SCV  
  18  1:15  SCV  
  19  1:27  Reaper  
  19  1:29  Orbital Command  
  20  1:41  Command Center  
  20  1:53  Barracks  
  20  1:57  SCV  
  21  2:03  Refinery  
  21  2:04  Barracks Reactor  
  21  2:11  SCV  
  22  2:17  Supply Depot  
  21  2:37  Factory  
  21  2:44  Marine, Barracks Tech Lab  
  21  2:45  Marine  
  21  2:47  Bunker  
  21  2:49  SCV  
  24  2:57  Orbital Command  
  24  3:02  Marine  
  24  3:03  Marine  
  24  3:05  Marine  
  27  3:12  Stimpack  
  27  3:16  SCV  
  28  3:26  Starport  
  28  3:30  Factory Reactor  
  28  3:32  Marine  
  29  3:34  SCV  
  29  3:37  Marine  
  31  3:45  Marine  
  31  3:46  SCV  
  33  3:50  Marine, SCV  
  33  3:55  Marine  
  36  3:59  SCV  
  36  4:12  Marine x2  
  36  4:16  Medivac x2  
  42  4:19  Hellion  
  44  4:24  Engineering Bay  
  44  4:25  Engineering Bay  
  44  4:27  Supply Depot  
  44  4:33  SCV x2  
  44  4:36  Refinery  
  46  4:40  Refinery  
  46  4:44  Factory Tech Lab  
  46  4:48  Marine  
  46  4:52  Combat Shield  
  47  4:54  Marine x2  
  49  5:03  Siege Tank  
  49  5:04  SCV x2  
  49  5:05  Terran Infantry Weapons Level 1  
  54  5:09  Supply Depot  
  54  5:12  Marine  
  54  5:13  Terran Infantry Armor Level 1  
  55  5:16  SCV x2  
  55  5:19  Missile Turret  
  48  5:59  Siege Tank, Marine x3  
  40  6:32  Marine x2  
  32  6:37  Marine  
  32  6:39  Concussive Shells  
  33  6:46  Barracks  
  33  6:47  Medivac  
  33  6:48  Medivac  
  33  6:49  SCV x2  
  33  6:50  Factory  
  33  6:52  Barracks  
  39  6:57  Marine x3  
  39  7:01  SCV x2  
  44  7:02  Armory  
  44  7:13  SCV x2  
  46  7:17  Marine x3  
  49  7:29  Medivac  
  51  7:30  Medivac  
  51  7:35  Siege Tank, Marine x2  
  58  7:37  Factory Tech Lab  
  58  7:40  SCV  
  58  7:43  Barracks Reactor  
  59  7:44  Barracks Tech Lab  
  59  7:49  Marine, SCV  
  61  7:53  Marine x2  
  63  8:00  Terran Infantry Weapons Level 2  
  63  8:18  Marine x3  
  63  8:19  Siege Tank  
  69  8:22  Marine  
  70  8:27  Marine x2, SCV x2  
  74  8:36  Marine x2  
  74  8:40  SCV x2  
  62  9:27  Command Center  
  62  9:36  Missile Turret x2  
  62  9:39  Siege Tank x2, Marine x5  
  62  9:40  Marine, Missile Turret  
  74  9:56  Missile Turret  
  74  9:57  Marine x3  
  77  10:01  Sensor Tower  
  77  10:02  Sensor Tower  
  77  10:04  Marine  
Show
View Real Time Build Order
Export as new Build Order

AGR Terran 

Build Orders:  

Get SALT Encoding   

  12  0:00  SCV  
  13  0:12  SCV  
  14  0:18  Supply Depot  
  14  0:25  SCV  
  15  0:39  SCV  
  15  0:40  Barracks  
  16  0:51  SCV  
  17  1:04  SCV  
  18  1:16  SCV  
  19  1:21  Command Center  
  19  1:28  Marine  
  20  1:34  Orbital Command  
  20  1:43  Refinery  
  20  1:47  Refinery  
  20  1:48  Marine  
  21  1:57  Supply Depot  
  21  2:00  SCV  
  22  2:09  Marine  
  23  2:19  SCV  
  23  2:25  Barracks  
  23  2:31  SCV  
  24  2:38  Factory  
  24  2:40  Barracks Tech Lab  
  24  2:42  SCV  
  25  2:50  SCV  
  26  2:55  Orbital Command  
  26  3:02  SCV  
  26  3:03  Marine  
  28  3:07  Stimpack  
  28  3:13  Barracks Reactor  
  28  3:14  SCV  
  29  3:21  SCV  
  29  3:22  Marine  
  31  3:28  Starport  
  31  3:31  Factory Reactor  
  31  3:32  SCV  
  32  3:37  SCV  
  33  3:44  SCV  
  33  3:47  Marine  
  35  3:49  Marine, SCV  
  35  3:50  Marine  
  35  3:52  Refinery  
  38  3:57  SCV  
  38  3:59  Supply Depot  
  38  4:01  SCV  
  40  4:09  SCV  
  41  4:12  Marine  
  41  4:13  Medivac, Factory Tech Lab, SCV  
  41  4:14  Marine  
  46  4:20  Medivac, Marine  
  46  4:21  SCV  
  50  4:25  SCV  
  51  4:33  Siege Tank, SCV  
  51  4:34  Marine  
  51  4:37  Supply Depot, SCV  
  57  4:38  Marine x2  
  57  4:45  SCV  
  60  4:50  SCV  
  60  4:52  Marine  
  62  4:59  Medivac, SCV  
  65  5:02  SCV  
  65  5:06  Command Center  
  66  5:11  SCV  
  67  5:46  SCV  
  66  5:54  Marauder, Marine x2  
  66  6:13  Orbital Command  
  66  6:18  Marine  
  63  6:38  Marauder, Marine x2  
  63  6:39  Siege Tank, Medivac x2  
  74  6:40  Orbital Command  
  74  6:42  Refinery  
  74  6:49  Refinery  
  74  7:25  Command Center  
  74  7:28  Engineering Bay  
  74  7:29  Armory  
  74  7:31  Marine  
  74  7:32  Marauder, Barracks  
  74  7:34  Barracks  
  77  7:39  Supply Depot x4  
  77  8:00  Siege Tank, Marine, SCV x2  
  77  8:01  Marauder  
  77  8:02  Medivac x2  
  89  8:14  SCV  
  89  8:15  SCV  
  89  8:16  Terran Infantry Weapons Level 1  
  91  8:24  Terran Vehicle Weapons Level 1  
  91  8:26  Barracks Reactor x2, SCV  
  92  8:27  Marauder, Marine x2  
  92  8:28  SCV  
  97  8:36  Command Center  
  90  9:09  Missile Turret  
  85  9:29  Missile Turret  
Show
View Real Time Build Order
Export as new Build Order

AlexHR Zerg 

Build Orders: Hatch First 

Get SALT Encoding   

  12  0:01  Drone  
  13  0:12  Overlord  
  13  0:17  Drone  
  14  0:30  Drone x2  
  16  0:50  Hatchery  
  16  0:54  Drone  
  16  1:09  Spawning Pool  
  15  1:12  Drone  
  15  1:17  Drone  
  17  1:20  Extractor  
  17  1:24  Overlord  
  16  1:36  Drone x2  
  18  1:55  Queen  
  18  1:58  Zergling x4  
  22  2:02  Queen  
  22  2:04  Drone  
  25  2:12  Zergling x2  
  26  2:25  Drone x2  
  26  2:29  Metabolic Boost  
  28  2:42  Queen  
  28  2:43  Drone  
  31  2:48  Drone  
  31  2:49  Drone, Evolution Chamber  
  32  2:51  Overlord  
  32  3:00  Drone x2  
  32  3:04  Zergling x2  
  35  3:12  Zergling x6  
  38  3:19  Zerg Melee Weapons Level 1  
  38  3:22  Zergling x4  
  40  3:38  Zergling x4  
  40  3:39  Zergling x4  
  44  3:43  Overlord x2  
  44  3:48  Spore Crawler  
  37  4:22  Zergling x2  
  37  4:23  Zergling x24  
  50  4:46  Zergling x4  
  50  4:47  Zergling x4  
  54  5:00  Queen  
  56  5:14  Zerg Ground Armor Level 1  
  56  5:16  Hatchery  
  43  5:55  Zergling x32  
  43  5:56  Zergling x4  
  50  6:06  Zergling x2  
  50  6:08  Spore Crawler  
  50  6:11  Zergling x2  
  50  6:13  Zergling x2  
  50  6:15  Zergling x4  
  53  6:28  Zergling x4  
  53  6:29  Zergling x2  
  56  6:41  Drone  
  56  6:46  Zergling x4  
  56  6:47  Zergling x2  
  47  7:10  Zergling x2  
  47  7:11  Zergling x22  
  47  7:14  Drone x3  
  49  7:30  Zergling x10  
  49  7:36  Spine Crawler  
  53  7:40  Drone x3  
  53  7:41  Drone x2  
  58  7:47  Drone  
  59  7:52  Lair, Extractor  
  58  8:00  Drone x3  
  61  8:09  Pneumatized Carapace  
  61  8:10  Drone x2  
  61  8:11  Drone  
  64  8:40  Spore Crawler  
  61  9:09  Zergling x2  
  48  9:10  Zergling x36  
  62  9:24  Zergling x2  
  62  9:25  Zergling x4  
  62  9:26  Overlord x2  
  65  9:32  Infestation Pit  
  65  9:36  Zergling x2  
  65  9:37  Overlord  
  65  9:44  Queen  
  55  9:57  Zergling x24  
  57  10:02  Zergling x2  
  57  10:03  Zergling x2  
  57  10:07  Spine Crawler  
  56  10:08  Spine Crawler  
Tags
 
Add a new tag
Caveats
  • Supply blocks, unpowered buildings, or Contaminate may cause inaccurate times.
  • Supply counts are checked every 10 seconds.